 Dungeon Crawl Stone Soup version 0.28.0-43-g3370ac3207 (webtiles) character file.

Game seed: 16188314203786629776

78 choreboyy the Sneak (level 4, -6/33 HPs)
             Began as a Vampire Monk on Mar 13, 2022.
             Mangled by Crazy Yiuf
             ... wielding a +3 quarterstaff of chaos
              (8 damage)
             ... on level 2 of the Dungeon.
             The game lasted 00:03:41 (1045 turns).

choreboyy the Sneak (Vampire Monk)                  Turns: 1045, Time: 00:03:41

Health: -6/33      AC:  3    Str: 10    XL:     4   Next: 15%
Magic:  4/4        EV: 13    Int: 12    God:
Gold:   49         SH:  0    Dex: 18    Spells: 3/3 levels left

rFire   . . .      SeeInvis +   a - +0 short sword
rCold   . . .      Faith    .   (no shield)
rNeg    . . .      Spirit   .   b - +0 robe
rPois   .          Reflect  .   d - +0 helmet
rElec   .          Harm     .   (no cloak)
rCorr   .          Rampage  .   (no gloves)
Will    .....                   (no boots)
Stlth   +++.......              (no amulet)
HPRegen 0.31/turn               (no ring)
MPRegen 0.09/turn               (no ring)

@: healing quickly, hasted, very quick
A: alive, fangs 3, see invisible, vampiric 2, [frail 1]
a: Exsanguinate


You were on level 2 of the Dungeon.
You visited 1 branch of the dungeon, and saw 2 of its levels.

You collected 49 gold pieces.

Inventory:

Hand Weapons
 a - a +0 short sword (weapon)
Armour
 b - a +0 robe (worn)
 d - a +0 helmet (worn)
Scrolls
 c - a scroll of summoning {unknown}
 g - a scroll of fog {unknown}
 h - a scroll of immolation {unknown}
Potions
 f - a potion of heal wounds {unknown}
 i - a potion of mutation {unknown}


   Skills:
 + Level 3.7 Fighting
 - Level 3.2 Short Blades
 - Level 3.2 Dodging
 + Level 5.3 Stealth


You had 3 spell levels left.
You didn't know any spells.
Your spell library was empty.

Dungeon Overview and Level Annotations

Branches:
Dungeon (2/15)

Altars:

Annotations:
D:2 Crazy Yiuf


Innate Abilities, Weirdness & Mutations

Your natural rate of healing is accelerated.
You have razor-sharp teeth.
You have supernaturally acute eyesight. (SInv)
You are afflicted with vampirism and can become a bat while bloodless.
[You are frail. (-10% HP)]


Message History

Jessica blinks!
The hobgoblin misses you.
You hit the hobgoblin.
You kill the hobgoblin!
Jessica closely misses you.
You hit Jessica but do no damage. Jessica closely misses you.
You hit Jessica but do no damage. Jessica barely misses you.
You hit Jessica.
Jessica is heavily wounded.
Jessica hits you with a +0 club!
You hit Jessica.
You kill Jessica!
Your Stealth skill increases to level 5!
You have reached level 4!
Crazy Yiuf shouts!
You open the door. You barely miss Crazy Yiuf. You bite Crazy Yiuf.
Crazy Yiuf is lightly wounded.
Crazy Yiuf says, "Shower bush shoe!"
Crazy Yiuf misses you.
You hit Crazy Yiuf but do no damage.
Crazy Yiuf is lightly wounded.
Crazy Yiuf misses you.
You hit Crazy Yiuf.
Crazy Yiuf is lightly wounded.
Crazy Yiuf closely misses you.
You hit Crazy Yiuf but do no damage. Your punch misses Crazy Yiuf.
You bite Crazy Yiuf, but do no damage.
Crazy Yiuf is lightly wounded.
Crazy Yiuf hits you with a +3 quarterstaff of chaos!
You closely miss Crazy Yiuf. You bite Crazy Yiuf.
Crazy Yiuf is moderately wounded.
Crazy Yiuf hits you with a +3 quarterstaff of chaos!
Ouch! That really hurt!
* * * LOW HITPOINT WARNING * * *
Crazy Yiuf burns you.
* * * LOW HITPOINT WARNING * * *
It was a potion of haste.
You feel yourself speed up.
Crazy Yiuf hits you with a +3 quarterstaff of chaos!
You die...

#........#
#........#
###........#
#..######### #..#
#..#######
#......#.### ###
#....PP.#..##...#
#....PP####@g...#
#....P## ###..)#
.#####..#### ###
........#
........#
........#
.....)...#
.........#
.........#


You could see Crazy Yiuf.

Vanquished Creatures
  Jessica (D:2)
  2 adders (D:2)
  2 dart slugs (D:1)
  2 endoplasms (D:1)
  A giant cockroach (D:1)
  4 hobgoblins
  4 kobolds (D:1)
  2 quokkas
  3 ball pythons
  6 bats
  2 frilled lizards (D:1)
  A goblin (D:1)
  2 rats (D:1)
32 creatures vanquished.

Notes
Turn   | Place    | Note
-------+----------+-------------------------------------------
     0 | D:1      | choreboyy the Vampire Monk began the quest for the Orb.
     0 | D:1      | Reached XP level 1. HP: 17/17 MP: 1/1
   152 | D:1      | Reached XP level 2. HP: 21/21 MP: 2/2
   269 | D:1      | Reached skill level 4 in Stealth
   727 | D:2      | Gained mutation: You are afflicted with vampirism and can
                  | become a bat while bloodless. [Vampire growth]
   727 | D:2      | Reached XP level 3. HP: 26/26 MP: 3/3
   839 | D:2      | Found a faded altar of an unknown god.
  1002 | D:2      | Found a runed translucent door.
  1003 | D:2      | Noticed Crazy Yiuf
  1014 | D:2      | Noticed Jessica
  1024 | D:2      | Killed Jessica
  1025 | D:2      | Reached skill level 5 in Stealth
  1025 | D:2      | Reached XP level 4. HP: 25/33 MP: 4/4
  1045 | D:2      | Mangled by Crazy Yiuf

Illustrated notes

Levels and vault maps discovered:
D:1:      tarquinn_simple_flora_water_a, layout_basic
D:2:      minmay_chambers_of_ones, layout_basic,
          dreamdust_ecumenical_altar_sealed_demon, uniq_jessica,
          uniq_crazy_yiuf_cottage

Skill      XL: |  1  2  3 |
---------------+----------+-----
Fighting       | 3 |  3.7
Stealth        | 4 5 |  5.3
Short Blades   | |  3.2
Dodging        | |  3.2

Action                   |  1- 3 |  4- 6 || total
-------------------------+-------+-------++-------
Melee: Short sword       |    83 |     5 ||    88
       Bite              |     7 |     3 ||    10
 Abil: Exsanguinate      |     1 |       ||     1
       Revivify          |     1 |       ||     1
  Use: Potion            |       |     1 ||     1
 Stab: Sleeping          |    12 |       ||    12
Armor: Robe              |    11 |       ||    11
Dodge: Dodged            |    60 |     3 ||    63
